Sound Tigers vs Barracuda
Created - February 13, 2023 at 19:50
Goals
|
| Sound Tigers |
3 |
1 |
3 |
7 |
| Barracuda |
1 |
1 |
2 |
4 |
|
Shots
|
| Sound Tigers |
11 |
14 |
10 |
35 |
| Barracuda |
12 |
13 |
12 |
37 |
|
1st period
1. Sound Tigers , Alex Tuch 31 (Unassisted) at 6:11
2. Barracuda , Kurtis Macdermid 8 (Theodor Blueger 23, Eric Gustafsson 30) at 14:27
3. Sound Tigers , Christian Fischer 3 (Ryan Hartman 7, Alex Tuch 33) at 16:50
4. Sound Tigers , Ryan Hartman 2 (Slater Koekkoek 14) at 16:56
Penalties :
Christian Fischer (BRI) for Tripping (Minor) at 6:21, Theodor Blueger (S.J) for Tripping (Minor) at 19:32
2nd period
5. Barracuda , William Carrier 20 (Scott Harrington 14, Emil Pettersson 40) at 15:11
6. Sound Tigers , Christian Fischer 4 (Ryan Hartman 8, Alex Tuch 34) at 16:50
Penalties :
No Penalty
3rd period
7. Sound Tigers , Joe Labate 5 (Garret Ross 27, Rhett Gardner 16) at 2:00
8. Sound Tigers , Christian Fischer 5 (Ryan Hartman 9, Alex Tuch 35) at 10:23
9. Barracuda , Kurtis Macdermid 9 (Jordan Gross 6, Alex Henriksson 12) at 15:57
10. Barracuda , Alex Henriksson 10 (Eric Gustafsson 31, Aleksi Heponiemi 4) at 17:16
11. Sound Tigers , Ryan Hartman 3 (Christian Fischer 7) at 18:00
Penalties :
Casey Staum (BRI) for Hooking (Minor) at 5:43, Ryan Hartman (BRI) for Tripping (Minor) at 6:19, Samuel Groulx (S.J) for Holding (Minor) at 12:03
Goalie Stats
Chris Driedger (BRI), 33 saves from 37 shots - (0.892), W, 2-2-0, 60:00 minutes
Oscar Dansk (S.J), 28 saves from 35 shots - (0.800), L, 1-10-1, 60:00 minutes
Players Stats for Sound Tigers
Player Name G A P +/- PIM S H SB GA TA FO MP PP MP PK MP
------------------------------------------------------------------------------------
Alex Tuch 1 3 4 5 0 3 2 2 0 0 2/4 21:41 2:18 1:47
Ben Thomson 0 0 0 0 0 1 2 1 0 0 0/0 11:57 0:00 0:28
Borna Rendulic 0 0 0 0 0 1 3 1 0 0 1/2 16:59 1:40 1:16
Brad Ross 0 0 0 0 0 0 0 0 0 0 0/0 0:00 0:00 0:00
Casey Staum 0 0 0 -2 2 1 1 0 0 0 0/0 11:08 0:00 0:17
Christian Fischer 3 1 4 5 2 9 1 0 0 1 0/3 19:46 2:18 0:00
Gabriel Carlsson 0 0 0 2 0 1 3 3 1 2 0/0 28:38 2:33 2:38
Garret Ross 0 1 1 0 0 2 2 0 0 0 0/0 16:22 1:40 0:39
Jakub Galvas 0 0 0 -2 0 0 1 1 0 0 0/0 11:26 0:00 0:07
James Livingstone 0 0 0 0 0 1 0 1 1 0 0/0 11:29 0:00 0:00
Joe Labate 1 0 1 0 0 3 1 0 1 1 4/9 17:15 1:40 1:25
Josh Archibald 0 0 0 0 0 0 0 0 0 0 0/0 0:00 0:00 0:00
Miro Heiskanen 0 0 0 3 0 2 2 0 0 0 0/0 19:56 1:25 1:49
Nick Blankenburg 0 0 0 3 0 0 0 2 0 0 0/0 19:56 1:25 1:49
Pavel Kraskovsky 0 0 0 0 0 1 0 0 0 0 3/7 11:54 0:00 0:25
Rhett Gardner 0 1 1 -2 0 0 1 0 1 0 3/6 8:20 0:00 0:00
Ross Colton 0 0 0 -2 0 2 0 0 1 0 0/0 8:20 0:00 0:00
Ryan Hartman 2 3 5 4 2 7 3 0 2 2 19/41 21:20 2:18 1:27
Slater Koekkoek 0 1 1 2 0 1 3 3 0 0 0/0 29:12 2:33 2:45
Tyrell Goulbourne 0 0 0 -2 0 0 0 0 0 0 0/0 8:20 0:00 0:00
Players Stats for Barracuda
Player Name G A P +/- PIM S H SB GA TA FO MP PP MP PK MP
------------------------------------------------------------------------------------
Aleksi Heponiemi 0 1 1 1 0 0 0 0 0 0 2/4 7:15 0:00 0:00
Alex Henriksson 1 1 2 1 0 1 0 0 0 1 0/0 7:57 0:00 0:42
Brandon Kozun 0 0 0 -5 0 0 4 2 0 1 5/5 23:07 2:30 2:21
Chris Wagner 0 0 0 0 0 3 0 0 0 0 1/2 12:35 0:00 0:54
Cole Ully 0 0 0 0 0 4 0 0 1 0 0/0 11:34 0:00 0:00
Emil Pettersson 0 1 1 -5 0 3 2 1 0 1 15/36 20:59 2:30 0:52
Eric Gustafsson 0 2 2 -1 0 0 4 1 1 2 0/0 28:00 3:03 2:21
Jerome Gauthier-Leduc 0 0 0 0 0 2 2 1 0 0 0/0 11:36 0:00 0:00
Jordan Gross 0 1 1 1 0 2 2 0 0 1 0/0 14:33 0:00 1:02
Justin Shugg 0 0 0 1 0 4 2 1 0 0 0/1 16:27 2:04 0:00
Kurtis Macdermid 2 0 2 1 0 4 3 0 0 1 0/2 17:19 2:04 0:52
Mario Lucia 0 0 0 1 0 0 0 0 0 0 0/0 7:15 0:00 0:00
Noah Gregor 0 0 0 0 0 0 0 0 0 0 6/9 11:34 0:00 0:00
Robin Norell 0 0 0 -2 0 0 1 0 0 0 0/0 20:24 1:31 1:37
Samuel Groulx 0 0 0 -3 2 2 1 4 1 0 0/0 17:58 1:31 0:35
Scott Harrington 0 1 1 -1 0 1 1 2 0 0 0/0 28:00 3:03 2:21
Theodor Blueger 0 1 1 1 2 6 1 1 0 0 8/10 16:33 2:04 0:00
William Carrier 1 0 1 -5 0 5 1 1 3 0 3/3 22:54 2:30 2:15
3 Stars
1 - Ryan Hartman (BRI)
2 - Christian Fischer (BRI)
3 - Alex Tuch (BRI)
Power Play
Sound Tigers - 0 on 2 Attempt(s) - 0.00%
Barracuda - 0 on 3 Attempt(s) - 0.00%
Penalty Kill
Sound Tigers - 3 on 3 Attempt(s) - 100.00%
- Score 0 goal in Penalty Kill
Barracuda - 2 on 2 Attempt(s) - 100.00%
- Score 0 goal in Penalty Kill
Team Stat
Sound Tigers - Hits : 25 - Faceoff Wins : 32 - Blocked Shots : 14 - Penalty Minutes : 6
Barracuda - Hits : 24 - Faceoff Wins : 40 - Blocked Shots : 14 - Penalty Minutes : 4
Official
Referees : Gord Dwyer and Wes McCauley
Linesman : Kory Nagy and Bevan Mills
Game Notes
6:11 of 1st period - Penalty Shot by Alex Tuch for Sound Tigers - Goal!
Christian Fischer has scored a Hat Trick!
Finance
Level 1 -- Attendance: 1791 (89.55%) -- Ticket Income $62,685
Level 2 -- Attendance: 872 (87.20%) -- Ticket Income $13,080
Total Attendance: 2663 (88.77%)
Total Ticket Income: $75,765
Other Income: $3,788
Total Income: $79,553
Sound Tigers
5 vs 5 Forward
Center Left Wing Right Wing Time % Phy DF OF
1 Ryan Hartman Alex Tuch Christian Fischer 40 1 2 2
2 Joe Labate Garret Ross Borna Rendulic 30 1 2 2
3 Pavel Kraskovsky Ben Thomson James Livingstone 20 1 2 2
4 Rhett Gardner Tyrell Goulbourne Ross Colton 10 1 2 2
5 vs 5 Defense
Defense Defense Time % Phy DF OF
1 Gabriel Carlsson Slater Koekkoek 40 1 2 2
2 Miro Heiskanen Nick Blankenburg 30 1 2 2
3 Jakub Galvas Casey Staum 20 1 2 2
4 Gabriel Carlsson Slater Koekkoek 10 1 2 2
PowerPlay Forward
Center Left Wing Right Wing Time % Phy DF OF
1 Ryan Hartman Alex Tuch Christian Fischer 60 1 2 2
2 Joe Labate Garret Ross Borna Rendulic 40 1 2 2
PowerPlay Defense
Defense Defense Time % Phy DF OF
1 Gabriel Carlsson Slater Koekkoek 60 1 2 2
2 Miro Heiskanen Nick Blankenburg 40 1 2 2
Penalty Kill 4 Players Forward
Center Wing Time % Phy DF OF
1 Ryan Hartman Alex Tuch 60 1 2 2
2 Joe Labate Garret Ross 40 1 2 2
Penalty Kill 4 Players Defense
Defense Defense Time % Phy DF OF
1 Gabriel Carlsson Slater Koekkoek 60 1 2 2
2 Miro Heiskanen Nick Blankenburg 40 1 2 2
Penalty Kill - 3 Players Forward
Forward Time % Phy DF OF
1 Ryan Hartman 60 1 2 2
2 Joe Labate 40 1 2 2
Penalty Kill - 3 Players Defense
Defense Defense Time % Phy DF OF
1 Gabriel Carlsson Slater Koekkoek 60 1 2 2
2 Miro Heiskanen Nick Blankenburg 40 1 2 2
4 vs 4 Forward
Center Wing Time % Phy DF OF
1 Ryan Hartman Alex Tuch 60 1 2 2
2 Joe Labate Garret Ross 40 1 2 2
4 vs 4 Defense
Defense Defense Time % Phy DF OF
1 Gabriel Carlsson Slater Koekkoek 60 1 2 2
2 Miro Heiskanen Nick Blankenburg 40 1 2 2
Last Minutes Offensive
Center Left Wing Right Wing Defense Defense
Ryan Hartman Alex Tuch Christian Fischer Gabriel Carlsson Slater Koekkoek
Last Minutes Defensive
Center Left Wing Right Wing Defense Defense
Ryan Hartman Alex Tuch Christian Fischer Gabriel Carlsson Slater Koekkoek
Goaltenders
Starting : Chris Driedger
Backup : Sean Maguire
Extra Forwards
Normal : Borna Rendulic, James Livingstone, Ben Thomson - PP : Borna Rendulic, James Livingstone - PK : Borna Rendulic
Extra Defensemen
Normal : Nick Blankenburg, Jakub Galvas, Casey Staum - PP : Nick Blankenburg - PK : Nick Blankenburg, Jakub Galvas
Penalty Shots
Alex Tuch, Ryan Hartman, Christian Fischer, Garret Ross, Borna Rendulic
Scratches
Alexander Yelesin (Broken Bone (Right Arm) Injury), Ben Johnson (Healthy), Blake Speers (Healthy), Alex Steeves (Healthy), Noah Cates (Healthy)
Garret Pilon (Healthy), Brandon Gignac (Healthy), Stuart Skinner (Healthy), Pavel Francouz (Healthy)
Barracuda
5 vs 5 Forward
Center Left Wing Right Wing Time % Phy DF OF
1 Emil Pettersson William Carrier Brandon Kozun 40 1 2 2
2 Theodor Blueger Kurtis Macdermid Justin Shugg 30 1 2 2
3 Noah Gregor Cole Ully Chris Wagner 20 1 2 2
4 Aleksi Heponiemi Alex Henriksson Mario Lucia 10 1 2 2
5 vs 5 Defense
Defense Defense Time % Phy DF OF
1 Scott Harrington Eric Gustafsson 40 1 2 2
2 Samuel Groulx Robin Norell 30 1 2 2
3 Jerome Gauthier-Leduc Jordan Gross 20 1 2 2
4 Scott Harrington Eric Gustafsson 10 1 2 2
PowerPlay Forward
Center Left Wing Right Wing Time % Phy DF OF
1 Emil Pettersson William Carrier Brandon Kozun 60 1 1 3
2 Theodor Blueger Kurtis Macdermid Justin Shugg 40 1 1 3
PowerPlay Defense
Defense Defense Time % Phy DF OF
1 Scott Harrington Eric Gustafsson 60 1 2 2
2 Samuel Groulx Robin Norell 40 1 2 2
Penalty Kill 4 Players Forward
Center Wing Time % Phy DF OF
1 Brandon Kozun William Carrier 60 1 4 0
2 Emil Pettersson Kurtis Macdermid 40 1 4 0
Penalty Kill 4 Players Defense
Defense Defense Time % Phy DF OF
1 Scott Harrington Eric Gustafsson 60 1 4 0
2 Samuel Groulx Robin Norell 40 1 4 0
Penalty Kill - 3 Players Forward
Forward Time % Phy DF OF
1 Brandon Kozun 60 1 4 0
2 William Carrier 40 1 4 0
Penalty Kill - 3 Players Defense
Defense Defense Time % Phy DF OF
1 Scott Harrington Eric Gustafsson 60 1 4 0
2 Samuel Groulx Robin Norell 40 1 4 0
4 vs 4 Forward
Center Wing Time % Phy DF OF
1 Brandon Kozun William Carrier 60 1 2 2
2 Emil Pettersson Kurtis Macdermid 40 1 2 2
4 vs 4 Defense
Defense Defense Time % Phy DF OF
1 Scott Harrington Eric Gustafsson 60 1 2 2
2 Samuel Groulx Robin Norell 40 1 2 2
Last Minutes Offensive
Center Left Wing Right Wing Defense Defense
Emil Pettersson William Carrier Brandon Kozun Scott Harrington Eric Gustafsson
Last Minutes Defensive
Center Left Wing Right Wing Defense Defense
Emil Pettersson William Carrier Brandon Kozun Scott Harrington Eric Gustafsson
Goaltenders
Starting : Oscar Dansk
Backup : Joacim Eriksson
Extra Forwards
Normal : Kurtis Macdermid, Cole Ully, Chris Wagner - PP : Kurtis Macdermid, Cole Ully - PK : Chris Wagner
Extra Defensemen
Normal : Jerome Gauthier-Leduc, Jordan Gross, Samuel Groulx - PP : Jerome Gauthier-Leduc - PK : Jordan Gross, Samuel Groulx
Penalty Shots
Brandon Kozun, William Carrier, Emil Pettersson, Kurtis Macdermid, Theodor Blueger
Scratches
Alex Lintuniemi (Healthy), Ben Jones (Healthy), Jacob Peterson (Healthy), Scott Reedy (Healthy), Jaedon Descheneau (Healthy)
Kyle Platzer (Right Foot Injury), Thomas Gobeil (Healthy), Logan Stanley (Strained Left Knee Injury), Drew O'Connor (Healthy), Dennis Cholowski (Healthy)
Alexei Toropchenko (Healthy), Kevin Lankinen (Healthy)
% Time on Ice - Sound Tigers
Lines # - Real PCT - Wanted PCT - Time Play
Normal Forward
1 - 34% - 40% - 17:36
2 - 27% - 30% - 14:03
3 - 22% - 20% - 11:29
4 - 16% - 10% - 8:20
Normal Defense
1 - 41% - 40% - 20:58
2 - 32% - 30% - 16:42
3 - 21% - 20% - 10:52
4 - 6% - 10% - 2:56
PP Forward
1 - 58% - 60% - 2:18
2 - 42% - 40% - 1:40
PP Defense
1 - 64% - 60% - 2:33
2 - 36% - 40% - 1:25
PK Forward
1 - 80% - 60% - 2:32
2 - 20% - 40% - 0:39
PK Defense
1 - 63% - 60% - 2:01
2 - 37% - 40% - 1:10
PK3 Forward
1 - 100% - 60% - 1:23
2 - 0% - 40% - 0:00
PK3 Defense
1 - 53% - 60% - 0:44
2 - 47% - 40% - 0:39
44 Forward
1 - 0% - 60%
2 - 0% - 40%
44 Defense
1 - 0% - 60%
2 - 0% - 40%
Last Minute Offensive - 0:00
Last Minute Defensive - 0:00
Total
Forward - 60:00
Defense - 60:00
|
% Time on Ice - Barracuda
Lines # - Real PCT - Wanted PCT - Time Play
Normal Forward
1 - 35% - 40% - 18:16
2 - 28% - 30% - 14:23
3 - 22% - 20% - 11:34
4 - 14% - 10% - 7:15
Normal Defense
1 - 39% - 40% - 20:10
2 - 34% - 30% - 17:16
3 - 23% - 20% - 11:36
4 - 5% - 10% - 2:26
PP Forward
1 - 55% - 60% - 2:30
2 - 45% - 40% - 2:04
PP Defense
1 - 67% - 60% - 3:03
2 - 33% - 40% - 1:31
PK Forward
1 - 78% - 60% - 3:06
2 - 22% - 40% - 0:52
PK Defense
1 - 59% - 60% - 2:21
2 - 41% - 40% - 1:37
PK3 Forward
1 - 0% - 60%
2 - 0% - 40%
PK3 Defense
1 - 0% - 60%
2 - 0% - 40%
44 Forward
1 - 0% - 60%
2 - 0% - 40%
44 Defense
1 - 0% - 60%
2 - 0% - 40%
Last Minute Offensive - 0:00
Last Minute Defensive - 0:00
Total
Forward - 60:00
Defense - 60:00
|
Play-by-Play
1st period
0:01 of 1st period - William Carrier wins face-off versus Ryan Hartman in neutral zone.
0:26 of 1st period - Gabriel Carlsson is hit by Theodor Blueger and loses puck.
0:44 of 1st period - Icing by Gabriel Carlsson.
0:45 of 1st period - Pavel Kraskovsky wins face-off versus Noah Gregor in Sound Tigers zone.
0:58 of 1st period - James Livingstone is hit by Jerome Gauthier-Leduc and loses puck.
1:10 of 1st period - Ben Thomson is hit by Jordan Gross and loses puck.
1:33 of 1st period - Icing by Ben Thomson.
1:34 of 1st period - Pavel Kraskovsky wins face-off versus Emil Pettersson in Sound Tigers zone.
1:34 of 1st period - Pavel Kraskovsky is hit by Samuel Groulx.
1:50 of 1st period - Snap shot by Pavel Kraskovsky.
1:50 of 1st period - Shot Hit the Post.
2:24 of 1st period - Snap shot by Ryan Hartman.
2:24 of 1st period - Stopped by Oscar Dansk with a rebound.
2:32 of 1st period - Slapshot by Alex Tuch.
2:32 of 1st period - Stopped by Oscar Dansk without a rebound.
2:33 of 1st period - Emil Pettersson wins face-off versus Christian Fischer in Barracuda zone.
2:48 of 1st period - Christian Fischer is hit by Scott Harrington and loses puck.
2:59 of 1st period - Kurtis Macdermid is hit by Jakub Galvas.
3:05 of 1st period - Wrist shot by Theodor Blueger.
3:05 of 1st period - Shot Misses the Net.
3:09 of 1st period - Wrist shot by Theodor Blueger.
3:09 of 1st period - Shot Blocked by Borna Rendulic.
3:25 of 1st period - Jakub Galvas is hit by Jordan Gross and loses puck.
5:27 of 1st period - Snap shot by Ben Thomson.
5:27 of 1st period - Stopped by Oscar Dansk with a rebound.
5:32 of 1st period - Icing by Justin Shugg.
5:33 of 1st period - Theodor Blueger wins face-off versus Rhett Gardner in Barracuda zone.
5:50 of 1st period - Wrist shot by Theodor Blueger.
5:50 of 1st period - Stopped by Chris Driedger with a rebound.
5:52 of 1st period - Wrist shot by Jordan Gross.
5:52 of 1st period - Shot Blocked by Jakub Galvas.
5:54 of 1st period - Slapshot by Theodor Blueger.
5:54 of 1st period - Stopped by Chris Driedger with a rebound.
5:56 of 1st period - Snap shot by Kurtis Macdermid.
5:56 of 1st period - Shot Misses the Net.
5:58 of 1st period - Wrist shot by Jerome Gauthier-Leduc.
5:58 of 1st period - Shot Misses the Net.
6:00 of 1st period - Snap shot by Justin Shugg.
6:00 of 1st period - Stopped by Chris Driedger with a rebound.
6:02 of 1st period - Wrist shot by Theodor Blueger.
6:02 of 1st period - Stopped by Chris Driedger with a rebound.
6:08 of 1st period - Snap shot by Theodor Blueger.
6:08 of 1st period - Stopped by Chris Driedger without a rebound.
6:09 of 1st period - Ryan Hartman wins face-off versus Emil Pettersson in Sound Tigers zone.
6:11 of 1st period - Penalty Shot by Alex Tuch for Sound Tigers.
6:11 of 1st period - Snap shot by Alex Tuch.
6:11 of 1st period - Goal by Alex Tuch - Sound Tigers : 1 - Barracuda : 0.
6:12 of 1st period - Emil Pettersson wins face-off versus Ryan Hartman in neutral zone.
6:13 of 1st period - Emil Pettersson wins face-off versus Ryan Hartman in Sound Tigers zone.
6:19 of 1st period - Snap shot by Emil Pettersson.
6:19 of 1st period - Shot Misses the Net.
6:21 of 1st period - Minor Penalty to Christian Fischer for Tripping.
6:22 of 1st period - Ryan Hartman wins face-off versus Emil Pettersson in Sound Tigers zone.
7:25 of 1st period - Slapshot by Borna Rendulic.
7:25 of 1st period - Shot Blocked by Samuel Groulx.
8:21 of 1st period - Penalty to Christian Fischer is over, Christian Fischer is back on ice.
8:47 of 1st period - Jordan Gross is hit by Ben Thomson and loses puck.
9:06 of 1st period - Wrist shot by Borna Rendulic.
9:06 of 1st period - Stopped by Oscar Dansk with a rebound.
9:48 of 1st period - Icing by Nick Blankenburg.
9:49 of 1st period - Rhett Gardner wins face-off versus Aleksi Heponiemi in Sound Tigers zone.
9:56 of 1st period - Alex Henriksson is hit by Joe Labate and loses puck.
10:31 of 1st period - Wrist shot by Christian Fischer.
10:31 of 1st period - Stopped by Oscar Dansk with a rebound.
10:39 of 1st period - Wrist shot by Brandon Kozun.
10:39 of 1st period - Shot Misses the Net.
10:41 of 1st period - Slapshot by William Carrier.
10:41 of 1st period - Deflect By Brandon Kozun.
10:41 of 1st period - Shot Misses the Net.
10:41 of 1st period - Puck is out of play.
10:42 of 1st period - Alex Tuch wins face-off versus Theodor Blueger in Sound Tigers zone.
10:51 of 1st period - Scott Harrington is hit by Ryan Hartman and loses puck.
11:06 of 1st period - Gabriel Carlsson is hit by Brandon Kozun and loses puck.
11:35 of 1st period - Wrist shot by Ross Colton.
11:35 of 1st period - Shot Blocked by Scott Harrington.
12:31 of 1st period - Wrist shot by Ryan Hartman.
12:31 of 1st period - Stopped by Oscar Dansk without a rebound.
12:32 of 1st period - Emil Pettersson wins face-off versus Ryan Hartman in Barracuda zone.
13:05 of 1st period - Wrist shot by Kurtis Macdermid.
13:05 of 1st period - Deflect By Gabriel Carlsson.
13:05 of 1st period - Shot Blocked by Slater Koekkoek.
13:05 of 1st period - Puck is out of play.
13:06 of 1st period - Emil Pettersson wins face-off versus Ryan Hartman in Sound Tigers zone.
13:31 of 1st period - Theodor Blueger is hit by Garret Ross and loses puck.
13:54 of 1st period - Eric Gustafsson is hit by Slater Koekkoek and loses puck.
14:03 of 1st period - Wrist shot by Rhett Gardner.
14:03 of 1st period - Shot Misses the Net.
14:27 of 1st period - Wrist shot by Kurtis Macdermid.
14:27 of 1st period - Goal by Kurtis Macdermid - Sound Tigers : 1 - Barracuda : 1.
14:28 of 1st period - Emil Pettersson wins face-off versus Ryan Hartman in neutral zone.
14:34 of 1st period - Icing by Alex Tuch.
14:35 of 1st period - Ryan Hartman wins face-off versus Emil Pettersson in Sound Tigers zone.
14:58 of 1st period - Snap shot by Emil Pettersson.
14:58 of 1st period - Stopped by Chris Driedger without a rebound.
14:59 of 1st period - Joe Labate wins face-off versus Noah Gregor in Sound Tigers zone.
14:59 of 1st period - Joe Labate is hit by Eric Gustafsson.
15:46 of 1st period - Snap shot by William Carrier.
15:46 of 1st period - Stopped by Chris Driedger with a rebound.
16:36 of 1st period - Wrist shot by Cole Ully.
16:36 of 1st period - Shot Misses the Net.
16:38 of 1st period - Snap shot by Cole Ully.
16:38 of 1st period - Stopped by Chris Driedger without a rebound.
16:39 of 1st period - Ryan Hartman wins face-off versus Emil Pettersson in Sound Tigers zone.
16:50 of 1st period - Wrist shot by Christian Fischer.
16:50 of 1st period - Goal by Christian Fischer - Sound Tigers : 2 - Barracuda : 1.
16:51 of 1st period - Ryan Hartman wins face-off versus Emil Pettersson in neutral zone.
16:56 of 1st period - Snap shot by Ryan Hartman.
16:56 of 1st period - Goal by Ryan Hartman - Sound Tigers : 3 - Barracuda : 1.
16:57 of 1st period - Ryan Hartman wins face-off versus Emil Pettersson in neutral zone.
17:06 of 1st period - Wrist shot by Ryan Hartman.
17:06 of 1st period - Stopped by Oscar Dansk with a rebound.
17:08 of 1st period - Snap shot by Slater Koekkoek.
17:08 of 1st period - Deflect By Ryan Hartman.
17:08 of 1st period - Shot Misses the Net.
17:08 of 1st period - Puck is out of play.
17:09 of 1st period - Ryan Hartman wins face-off versus Emil Pettersson in Barracuda zone.
17:16 of 1st period - Wrist shot by Ryan Hartman.
17:16 of 1st period - Shot Blocked by William Carrier.
17:18 of 1st period - Slapshot by Christian Fischer.
17:18 of 1st period - Stopped by Oscar Dansk with a rebound.
17:20 of 1st period - Wrist shot by Ryan Hartman.
17:20 of 1st period - Shot Misses the Net.
17:22 of 1st period - Slapshot by Slater Koekkoek.
17:22 of 1st period - Stopped by Oscar Dansk with a rebound.
17:24 of 1st period - Snap shot by Slater Koekkoek.
17:24 of 1st period - Shot Blocked by Brandon Kozun.
17:36 of 1st period - Slater Koekkoek is hit by Eric Gustafsson.
19:03 of 1st period - Scott Harrington is hit by Garret Ross.
19:15 of 1st period - Wrist shot by William Carrier.
19:15 of 1st period - Stopped by Chris Driedger with a rebound.
19:17 of 1st period - Wrist shot by Samuel Groulx.
19:17 of 1st period - Stopped by Chris Driedger without a rebound.
19:18 of 1st period - Theodor Blueger wins face-off versus Ryan Hartman in Sound Tigers zone.
19:21 of 1st period - Snap shot by Kurtis Macdermid.
19:21 of 1st period - Stopped by Chris Driedger with a rebound.
19:23 of 1st period - Snap shot by Theodor Blueger.
19:23 of 1st period - Shot Misses the Net.
19:32 of 1st period - Minor Penalty to Theodor Blueger for Tripping.
19:33 of 1st period - Brandon Kozun wins face-off versus Alex Tuch in Barracuda zone.
19:59 of 1st period - Scott Harrington is hit by Gabriel Carlsson and loses puck.
Goals for this period are 3 for Sound Tigers vs 1 for Barracuda.
Shots for this period are 11 for Sound Tigers vs 12 for Barracuda.
2nd period
0:01 of 2nd period - Brandon Kozun wins face-off versus Alex Tuch in neutral zone.
0:03 of 2nd period - Off-side.
0:04 of 2nd period - William Carrier wins face-off versus Ryan Hartman in neutral zone.
1:32 of 2nd period - Penalty to Theodor Blueger is over, Theodor Blueger is back on ice.
1:50 of 2nd period - Snap shot by Ben Thomson.
1:50 of 2nd period - Shot Hit the Post.
1:52 of 2nd period - Wrist shot by Ben Thomson.
1:52 of 2nd period - Deflect By Pavel Kraskovsky.
1:52 of 2nd period - Shot Misses the Net.
1:52 of 2nd period - Puck is out of play.
1:53 of 2nd period - Rhett Gardner wins face-off versus Justin Shugg in Barracuda zone.
1:54 of 2nd period - Wrist shot by Ross Colton.
1:54 of 2nd period - Stopped by Oscar Dansk with a rebound.
2:18 of 2nd period - Robin Norell is hit by Borna Rendulic and loses puck.
2:41 of 2nd period - Samuel Groulx is hit by Casey Staum and loses puck.
3:00 of 2nd period - Snap shot by Christian Fischer.
3:00 of 2nd period - Stopped by Oscar Dansk without a rebound.
3:01 of 2nd period - Brandon Kozun wins face-off versus Ryan Hartman in Barracuda zone.
3:14 of 2nd period - Snap shot by Ryan Hartman.
3:14 of 2nd period - Shot Misses the Net.
3:47 of 2nd period - Wrist shot by Alex Tuch.
3:47 of 2nd period - Stopped by Oscar Dansk with a rebound.
3:55 of 2nd period - Snap shot by Alex Tuch.
3:55 of 2nd period - Deflect By Christian Fischer.
3:55 of 2nd period - Deflect By Eric Gustafsson.
3:55 of 2nd period - Shot Misses the Net.
3:55 of 2nd period - Puck is out of play.
3:56 of 2nd period - Joe Labate wins face-off versus Theodor Blueger in Barracuda zone.
3:59 of 2nd period - Wrist shot by Garret Ross.
3:59 of 2nd period - Shot Misses the Net.
4:13 of 2nd period - Garret Ross is hit by Justin Shugg.
4:38 of 2nd period - Snap shot by Theodor Blueger.
4:38 of 2nd period - Stopped by Chris Driedger without a rebound.
4:39 of 2nd period - Joe Labate wins face-off versus Noah Gregor in Sound Tigers zone.
5:29 of 2nd period - Ryan Hartman is hit by Emil Pettersson and loses puck.
5:47 of 2nd period - Cole Ully is hit by Miro Heiskanen and loses puck.
6:48 of 2nd period - Slapshot by Gabriel Carlsson.
6:48 of 2nd period - Deflect By Garret Ross.
6:48 of 2nd period - Stopped by Oscar Dansk without a rebound.
6:49 of 2nd period - Theodor Blueger wins face-off versus Joe Labate in Barracuda zone.
7:06 of 2nd period - Miro Heiskanen is hit by Robin Norell and loses puck.
7:17 of 2nd period - Samuel Groulx is hit by Ryan Hartman and loses puck.
7:38 of 2nd period - Wrist shot by Chris Wagner.
7:38 of 2nd period - Stopped by Chris Driedger with a rebound.
7:40 of 2nd period - Slapshot by Robin Norell.
7:40 of 2nd period - Deflect By Noah Gregor.
7:40 of 2nd period - Shot Blocked by James Livingstone.
7:40 of 2nd period - Puck is out of play.
7:41 of 2nd period - Pavel Kraskovsky wins face-off versus Chris Wagner in Sound Tigers zone.
7:41 of 2nd period - Pavel Kraskovsky is hit by Eric Gustafsson.
7:47 of 2nd period - Wrist shot by Cole Ully.
7:47 of 2nd period - Stopped by Chris Driedger without a rebound.
7:48 of 2nd period - Ryan Hartman wins face-off versus Emil Pettersson in Sound Tigers zone.
7:48 of 2nd period - Ryan Hartman is hit by Brandon Kozun.
7:51 of 2nd period - Icing by Gabriel Carlsson.
7:52 of 2nd period - Ryan Hartman wins face-off versus Emil Pettersson in Sound Tigers zone.
8:07 of 2nd period - Snap shot by Christian Fischer.
8:07 of 2nd period - Stopped by Oscar Dansk with a rebound.
8:25 of 2nd period - Wrist shot by Joe Labate.
8:25 of 2nd period - Shot Misses the Net.
8:27 of 2nd period - Slapshot by Garret Ross.
8:27 of 2nd period - Shot Misses the Net.
8:36 of 2nd period - Off-side.
8:37 of 2nd period - Noah Gregor wins face-off versus Pavel Kraskovsky in neutral zone.
9:01 of 2nd period - Robin Norell is hit by Slater Koekkoek and loses puck.
9:34 of 2nd period - Wrist shot by Pavel Kraskovsky.
9:34 of 2nd period - Shot Misses the Net.
9:36 of 2nd period - Wrist shot by Gabriel Carlsson.
9:36 of 2nd period - Stopped by Oscar Dansk without a rebound.
9:37 of 2nd period - Ryan Hartman wins face-off versus Emil Pettersson in Barracuda zone.
9:59 of 2nd period - Icing by Nick Blankenburg.
10:00 of 2nd period - Theodor Blueger wins face-off versus Joe Labate in Sound Tigers zone.
10:03 of 2nd period - Wrist shot by Justin Shugg.
10:03 of 2nd period - Stopped by Chris Driedger with a rebound.
10:05 of 2nd period - Wrist shot by Robin Norell.
10:05 of 2nd period - Deflect By Kurtis Macdermid.
10:05 of 2nd period - Stopped by Chris Driedger with a rebound.
10:07 of 2nd period - Slapshot by Robin Norell.
10:07 of 2nd period - Shot Misses the Net.
10:11 of 2nd period - Snap shot by Justin Shugg.
10:11 of 2nd period - Shot Misses the Net.
10:13 of 2nd period - Slapshot by Justin Shugg.
10:13 of 2nd period - Stopped by Chris Driedger without a rebound.
10:14 of 2nd period - Alex Tuch wins face-off versus Emil Pettersson in Sound Tigers zone.
10:21 of 2nd period - Wrist shot by Christian Fischer.
10:21 of 2nd period - Stopped by Oscar Dansk with a rebound.
10:28 of 2nd period - Off-side.
10:29 of 2nd period - Theodor Blueger wins face-off versus Borna Rendulic in neutral zone.
10:42 of 2nd period - Wrist shot by Joe Labate.
10:42 of 2nd period - Shot Misses the Net.
10:56 of 2nd period - Christian Fischer is hit by Eric Gustafsson and loses puck.
12:05 of 2nd period - Wrist shot by Joe Labate.
12:05 of 2nd period - Shot Misses the Net.
12:19 of 2nd period - Wrist shot by Emil Pettersson.
12:19 of 2nd period - Shot Hit the Post.
12:21 of 2nd period - Snap shot by Emil Pettersson.
12:21 of 2nd period - Stopped by Chris Driedger without a rebound.
12:22 of 2nd period - Ryan Hartman wins face-off versus Emil Pettersson in Sound Tigers zone.
12:31 of 2nd period - Wrist shot by Alex Tuch.
12:31 of 2nd period - Stopped by Oscar Dansk with a rebound.
12:37 of 2nd period - Snap shot by Ryan Hartman.
12:37 of 2nd period - Stopped by Oscar Dansk with a rebound.
13:21 of 2nd period - Wrist shot by Chris Wagner.
13:21 of 2nd period - Stopped by Chris Driedger with a rebound.
13:31 of 2nd period - Mario Lucia is hit by Miro Heiskanen and loses puck.
13:36 of 2nd period - Snap shot by Alex Tuch.
13:36 of 2nd period - Shot Misses the Net.
13:38 of 2nd period - Snap shot by Christian Fischer.
13:38 of 2nd period - Stopped by Oscar Dansk with a rebound.
13:40 of 2nd period - Slapshot by Jakub Galvas.
13:40 of 2nd period - Shot Blocked by Jerome Gauthier-Leduc.
13:52 of 2nd period - Rhett Gardner is hit by Brandon Kozun and loses puck.
14:34 of 2nd period - Icing by Noah Gregor.
14:35 of 2nd period - Noah Gregor wins face-off versus Ryan Hartman in Barracuda zone.
14:40 of 2nd period - Christian Fischer is hit by Jerome Gauthier-Leduc and loses puck.
15:03 of 2nd period - Snap shot by Brandon Kozun.
15:03 of 2nd period - Shot Misses the Net.
15:05 of 2nd period - Wrist shot by William Carrier.
15:05 of 2nd period - Stopped by Chris Driedger with a rebound.
15:07 of 2nd period - Slapshot by Emil Pettersson.
15:07 of 2nd period - Shot Misses the Net.
15:09 of 2nd period - Slapshot by Scott Harrington.
15:09 of 2nd period - Shot Blocked by Gabriel Carlsson.
15:11 of 2nd period - Snap shot by William Carrier.
15:11 of 2nd period - Goal by William Carrier - Sound Tigers : 3 - Barracuda : 2.
15:12 of 2nd period - Emil Pettersson wins face-off versus Ryan Hartman in neutral zone.
15:27 of 2nd period - Wrist shot by Alex Tuch.
15:27 of 2nd period - Shot Misses the Net.
15:37 of 2nd period - Slater Koekkoek is hit by Kurtis Macdermid and loses puck.
15:44 of 2nd period - Slapshot by Joe Labate.
15:44 of 2nd period - Deflect By Eric Gustafsson.
15:44 of 2nd period - Stopped by Oscar Dansk with a rebound.
15:46 of 2nd period - Slapshot by Miro Heiskanen.
15:46 of 2nd period - Stopped by Oscar Dansk with a rebound.
16:00 of 2nd period - Snap shot by Chris Wagner.
16:00 of 2nd period - Shot Misses the Net.
16:02 of 2nd period - Slapshot by Scott Harrington.
16:02 of 2nd period - Stopped by Chris Driedger with a rebound.
16:04 of 2nd period - Wrist shot by Cole Ully.
16:04 of 2nd period - Stopped by Chris Driedger with a rebound.
16:48 of 2nd period - Wrist shot by Ryan Hartman.
16:48 of 2nd period - Shot Misses the Net.
16:50 of 2nd period - Wrist shot by Christian Fischer.
16:50 of 2nd period - Goal by Christian Fischer - Sound Tigers : 4 - Barracuda : 2.
16:51 of 2nd period - Emil Pettersson wins face-off versus Ryan Hartman in neutral zone.
17:05 of 2nd period - Brandon Kozun is hit by Gabriel Carlsson and loses puck.
17:46 of 2nd period - Snap shot by Cole Ully.
17:46 of 2nd period - Shot Blocked by Gabriel Carlsson.
18:06 of 2nd period - Snap shot by Aleksi Heponiemi.
18:06 of 2nd period - Shot Blocked by Slater Koekkoek.
18:21 of 2nd period - Off-side.
18:22 of 2nd period - Emil Pettersson wins face-off versus Rhett Gardner in neutral zone.
18:30 of 2nd period - Off-side.
18:31 of 2nd period - Emil Pettersson wins face-off versus Christian Fischer in neutral zone.
19:01 of 2nd period - Wrist shot by Garret Ross.
19:01 of 2nd period - Stopped by Oscar Dansk without a rebound.
19:02 of 2nd period - Theodor Blueger wins face-off versus Joe Labate in Barracuda zone.
19:29 of 2nd period - Wrist shot by Cole Ully.
19:29 of 2nd period - Stopped by Chris Driedger without a rebound.
19:30 of 2nd period - Noah Gregor wins face-off versus Ryan Hartman in Sound Tigers zone.
19:33 of 2nd period - Slapshot by Cole Ully.
19:33 of 2nd period - Shot Misses the Net.
Goals for this period are 1 for Sound Tigers vs 1 for Barracuda.
Shots for this period are 14 for Sound Tigers vs 13 for Barracuda.
3rd period
0:01 of 3rd period - Emil Pettersson wins face-off versus Ryan Hartman in neutral zone.
0:14 of 3rd period - Scott Harrington is hit by Alex Tuch and loses puck.
1:21 of 3rd period - Jerome Gauthier-Leduc is hit by Alex Tuch and loses puck.
1:32 of 3rd period - Slapshot by Jerome Gauthier-Leduc.
1:32 of 3rd period - Stopped by Chris Driedger with a rebound.
1:34 of 3rd period - Wrist shot by Jerome Gauthier-Leduc.
1:34 of 3rd period - Shot Blocked by Nick Blankenburg.
2:00 of 3rd period - Slapshot by Garret Ross.
2:00 of 3rd period - Deflect By Joe Labate.
2:00 of 3rd period - Goal by Joe Labate - Sound Tigers : 5 - Barracuda : 2.
2:01 of 3rd period - Emil Pettersson wins face-off versus Ryan Hartman in neutral zone.
2:14 of 3rd period - Brandon Kozun is hit by Christian Fischer and loses puck.
2:27 of 3rd period - Theodor Blueger is hit by Borna Rendulic and loses puck.
2:56 of 3rd period - Slapshot by Ross Colton.
2:56 of 3rd period - Stopped by Oscar Dansk with a rebound.
3:06 of 3rd period - Slapshot by Eric Gustafsson.
3:06 of 3rd period - Deflect By Justin Shugg.
3:06 of 3rd period - Shot Blocked by Nick Blankenburg.
3:06 of 3rd period - Puck is out of play.
3:07 of 3rd period - Ryan Hartman wins face-off versus Emil Pettersson in Sound Tigers zone.
3:38 of 3rd period - Off-side.
3:39 of 3rd period - Noah Gregor wins face-off versus Ryan Hartman in neutral zone.
4:24 of 3rd period - James Livingstone is hit by Emil Pettersson and loses puck.
4:31 of 3rd period - Snap shot by Emil Pettersson.
4:31 of 3rd period - Shot Blocked by Ben Thomson.
4:33 of 3rd period - Snap shot by Samuel Groulx.
4:33 of 3rd period - Stopped by Chris Driedger without a rebound.
4:34 of 3rd period - Ryan Hartman wins face-off versus Kurtis Macdermid in Sound Tigers zone.
4:34 of 3rd period - Ryan Hartman is hit by Kurtis Macdermid.
4:48 of 3rd period - Snap shot by Ryan Hartman.
4:48 of 3rd period - Shot Misses the Net.
5:06 of 3rd period - Icing by Scott Harrington.
5:07 of 3rd period - Joe Labate wins face-off versus Emil Pettersson in Barracuda zone.
5:16 of 3rd period - Slapshot by Scott Harrington.
5:16 of 3rd period - Shot Misses the Net.
5:18 of 3rd period - Wrist shot by Emil Pettersson.
5:18 of 3rd period - Stopped by Chris Driedger with a rebound.
5:43 of 3rd period - Minor Penalty to Casey Staum for Hooking.
5:44 of 3rd period - Ryan Hartman wins face-off versus Kurtis Macdermid in Sound Tigers zone.
5:54 of 3rd period - Wrist shot by Slater Koekkoek.
5:54 of 3rd period - Deflect By Alex Tuch.
5:54 of 3rd period - Shot Blocked by Theodor Blueger.
5:54 of 3rd period - Puck is out of play.
5:55 of 3rd period - Emil Pettersson wins face-off versus Ryan Hartman in Barracuda zone.
5:55 of 3rd period - Emil Pettersson is hit by Ryan Hartman.
6:02 of 3rd period - Icing by William Carrier.
6:03 of 3rd period - Emil Pettersson wins face-off versus Ryan Hartman in Barracuda zone.
6:19 of 3rd period - Minor Penalty to Ryan Hartman for Tripping.
6:20 of 3rd period - Borna Rendulic wins face-off versus Emil Pettersson in Sound Tigers zone.
6:48 of 3rd period - Wrist shot by Theodor Blueger.
6:48 of 3rd period - Stopped by Chris Driedger with a rebound.
7:43 of 3rd period - Penalty to Casey Staum is over, Casey Staum is back on ice.
7:44 of 3rd period - Justin Shugg is hit by Slater Koekkoek and loses puck.
8:19 of 3rd period - Penalty to Ryan Hartman is over, Ryan Hartman is back on ice.
8:45 of 3rd period - Icing by Jerome Gauthier-Leduc.
8:46 of 3rd period - Ryan Hartman wins face-off versus Aleksi Heponiemi in Barracuda zone.
9:31 of 3rd period - Ben Thomson is hit by William Carrier and loses puck.
9:39 of 3rd period - Icing by James Livingstone.
9:40 of 3rd period - Theodor Blueger wins face-off versus Pavel Kraskovsky in Sound Tigers zone.
9:41 of 3rd period - Slapshot by Kurtis Macdermid.
9:41 of 3rd period - Shot Misses the Net.
9:55 of 3rd period - Wrist shot by Ben Thomson.
9:55 of 3rd period - Shot Blocked by Justin Shugg.
9:57 of 3rd period - Wrist shot by James Livingstone.
9:57 of 3rd period - Stopped by Oscar Dansk with a rebound.
10:15 of 3rd period - Snap shot by Christian Fischer.
10:15 of 3rd period - Shot Blocked by Samuel Groulx.
10:17 of 3rd period - Snap shot by Christian Fischer.
10:17 of 3rd period - Shot Blocked by Brandon Kozun.
10:19 of 3rd period - Snap shot by Gabriel Carlsson.
10:19 of 3rd period - Shot Misses the Net.
10:21 of 3rd period - Wrist shot by Alex Tuch.
10:21 of 3rd period - Shot Misses the Net.
10:23 of 3rd period - Wrist shot by Ryan Hartman.
10:23 of 3rd period - Deflect By Christian Fischer.
10:23 of 3rd period - Goal by Christian Fischer - Sound Tigers : 6 - Barracuda : 2.
10:24 of 3rd period - Emil Pettersson wins face-off versus Ryan Hartman in neutral zone.
10:36 of 3rd period - Off-side.
10:37 of 3rd period - Ryan Hartman wins face-off versus Emil Pettersson in neutral zone.
10:39 of 3rd period - Slater Koekkoek is hit by Brandon Kozun.
10:49 of 3rd period - Wrist shot by Brandon Kozun.
10:49 of 3rd period - Shot Blocked by Slater Koekkoek.
10:51 of 3rd period - Slapshot by Scott Harrington.
10:51 of 3rd period - Shot Misses the Net.
11:03 of 3rd period - Justin Shugg is hit by Borna Rendulic and loses puck.
11:48 of 3rd period - Wrist shot by Tyrell Goulbourne.
11:48 of 3rd period - Deflect By Ross Colton.
11:48 of 3rd period - Shot Misses the Net.
11:48 of 3rd period - Puck is out of play.
11:49 of 3rd period - Rhett Gardner wins face-off versus Emil Pettersson in Barracuda zone.
11:52 of 3rd period - Wrist shot by Tyrell Goulbourne.
11:52 of 3rd period - Shot Blocked by Samuel Groulx.
11:54 of 3rd period - Snap shot by Rhett Gardner.
11:54 of 3rd period - Shot Blocked by Emil Pettersson.
12:03 of 3rd period - Minor Penalty to Samuel Groulx for Holding.
12:04 of 3rd period - Brandon Kozun wins face-off versus Christian Fischer in Barracuda zone.
12:10 of 3rd period - Snap shot by Brandon Kozun.
12:10 of 3rd period - Shot Blocked by Alex Tuch.
13:37 of 3rd period - Icing by Christian Fischer.
13:38 of 3rd period - Chris Wagner wins face-off versus Ryan Hartman in Sound Tigers zone.
13:39 of 3rd period - Snap shot by Alex Henriksson.
13:39 of 3rd period - Shot Misses the Net.
14:03 of 3rd period - Penalty to Samuel Groulx is over, Samuel Groulx is back on ice.
14:06 of 3rd period - Jordan Gross is hit by Gabriel Carlsson and loses puck.
14:17 of 3rd period - Jordan Gross is hit by Rhett Gardner and loses puck.
14:26 of 3rd period - Snap shot by Tyrell Goulbourne.
14:26 of 3rd period - Shot Hit the Post.
14:28 of 3rd period - Slapshot by Jakub Galvas.
14:28 of 3rd period - Shot Blocked by Samuel Groulx.
14:30 of 3rd period - Slapshot by Casey Staum.
14:30 of 3rd period - Stopped by Oscar Dansk with a rebound.
15:30 of 3rd period - Icing by Jordan Gross.
15:31 of 3rd period - Aleksi Heponiemi wins face-off versus Joe Labate in Barracuda zone.
15:57 of 3rd period - Slapshot by Jordan Gross.
15:57 of 3rd period - Deflect By Kurtis Macdermid.
15:57 of 3rd period - Deflect By Alex Tuch.
15:57 of 3rd period - Goal by Kurtis Macdermid - Sound Tigers : 6 - Barracuda : 3.
15:58 of 3rd period - William Carrier wins face-off versus Ryan Hartman in neutral zone.
16:01 of 3rd period - Snap shot by William Carrier.
16:01 of 3rd period - Stopped by Chris Driedger with a rebound.
16:03 of 3rd period - Snap shot by Brandon Kozun.
16:03 of 3rd period - Shot Blocked by Alex Tuch.
16:13 of 3rd period - Slapshot by Brandon Kozun.
16:13 of 3rd period - Shot Misses the Net.
16:23 of 3rd period - Slater Koekkoek is hit by Justin Shugg and loses puck.
16:51 of 3rd period - Wrist shot by James Livingstone.
16:51 of 3rd period - Shot Misses the Net.
16:53 of 3rd period - Snap shot by Pavel Kraskovsky.
16:53 of 3rd period - Stopped by Oscar Dansk with a rebound.
16:55 of 3rd period - Snap shot by Pavel Kraskovsky.
16:55 of 3rd period - Shot Blocked by Scott Harrington.
17:02 of 3rd period - Icing by Cole Ully.
17:03 of 3rd period - Aleksi Heponiemi wins face-off versus Rhett Gardner in Barracuda zone.
17:16 of 3rd period - Slapshot by Alex Henriksson.
17:16 of 3rd period - Goal by Alex Henriksson - Sound Tigers : 6 - Barracuda : 4.
17:17 of 3rd period - Noah Gregor wins face-off versus Pavel Kraskovsky in neutral zone.
17:22 of 3rd period - Snap shot by Chris Wagner.
17:22 of 3rd period - Shot Misses the Net.
17:24 of 3rd period - Snap shot by Chris Wagner.
17:24 of 3rd period - Stopped by Chris Driedger with a rebound.
17:26 of 3rd period - Snap shot by Jerome Gauthier-Leduc.
17:26 of 3rd period - Stopped by Chris Driedger with a rebound.
17:28 of 3rd period - Slapshot by Jordan Gross.
17:28 of 3rd period - Stopped by Chris Driedger with a rebound.
17:30 of 3rd period - Wrist shot by Noah Gregor.
17:30 of 3rd period - Shot Blocked by Gabriel Carlsson.
17:32 of 3rd period - Slapshot by Jordan Gross.
17:32 of 3rd period - Stopped by Chris Driedger without a rebound.
17:33 of 3rd period - Ryan Hartman wins face-off versus Emil Pettersson in Sound Tigers zone.
17:42 of 3rd period - Snap shot by Christian Fischer.
17:42 of 3rd period - Deflect By Alex Tuch.
17:42 of 3rd period - Shot Misses the Net.
17:42 of 3rd period - Puck is out of play.
17:43 of 3rd period - Ryan Hartman wins face-off versus Emil Pettersson in Barracuda zone.
18:00 of 3rd period - Snap shot by Ryan Hartman.
18:00 of 3rd period - Goal by Ryan Hartman - Sound Tigers : 7 - Barracuda : 4.
18:01 of 3rd period - Brandon Kozun wins face-off versus Ryan Hartman in neutral zone.
18:28 of 3rd period - Icing by Kurtis Macdermid.
18:29 of 3rd period - Theodor Blueger wins face-off versus Joe Labate in Barracuda zone.
18:34 of 3rd period - Joe Labate is hit by Kurtis Macdermid and loses puck.
18:39 of 3rd period - Snap shot by Justin Shugg.
18:39 of 3rd period - Stopped by Chris Driedger with a rebound.
18:41 of 3rd period - Wrist shot by Robin Norell.
18:41 of 3rd period - Shot Misses the Net.
18:43 of 3rd period - Slapshot by Justin Shugg.
18:43 of 3rd period - Shot Misses the Net.
19:03 of 3rd period - Slapshot by Miro Heiskanen.
19:03 of 3rd period - Shot Blocked by Eric Gustafsson.
19:05 of 3rd period - Snap shot by Joe Labate.
19:05 of 3rd period - Stopped by Oscar Dansk with a rebound.
19:07 of 3rd period - Slapshot by Miro Heiskanen.
19:07 of 3rd period - Stopped by Oscar Dansk without a rebound.
19:08 of 3rd period - Ryan Hartman wins face-off versus Emil Pettersson in Barracuda zone.
19:19 of 3rd period - Snap shot by Ryan Hartman.
19:19 of 3rd period - Stopped by Oscar Dansk with a rebound.
19:35 of 3rd period - Icing by Cole Ully.
19:36 of 3rd period - Noah Gregor wins face-off versus Pavel Kraskovsky in Barracuda zone.
19:36 of 3rd period - Noah Gregor is hit by Ben Thomson.
Goals for this period are 3 for Sound Tigers vs 2 for Barracuda.
Shots for this period are 10 for Sound Tigers vs 12 for Barracuda.